 Dungeon Crawl Stone Soup version 0.31.0-9-g3a7656b989 (webtiles) character file.

Game seed: 4277499759315682912

249 qw the Shooter (level 5, -2/26 HPs)
             Began as a Spriggan Hunter on Feb 2, 2024.
             Slain by a lemure (8 damage)
             ... led by Pikel
             ... on level 4 of the Dungeon.
             The game lasted 00:00:18 (2304 turns).

qw the Shooter (Spriggan Hunter)                    Turns: 2304, Time: 00:00:19

Health: -2/26      AC:  2    Str:  7    XL:     5   Next: 86%
Magic:  6/6        EV: 20    Int: 11    God:
Gold:   132        SH:  0    Dex: 20    Spells: 4/4 levels left

rFire   + . .        a - +0 shortbow
rCold   . . .        (shield currently unavailable)
rNeg    . . .        c - +0 robe
rPois   .            (helmet restricted)
rElec   .            (no cloak)
rCorr   .            (gloves unavailable)
SInv    +            (boots unavailable)
Will    .....        h - amulet of regeneration
Stlth   ++           i - ring of protection from fire
HPRegen 1.04/turn    (no ring)
MPRegen 0.10/turn

%: no passive effects
@: about to teleport, very quick
A: very small, no large weapons, unfitting armour, see invisible, speed 3
a: no special abilities


You were on level 4 of the Dungeon.
You visited 1 branch of the dungeon, and saw 4 of its levels.

You collected 132 gold pieces.


Innate Abilities, Weirdness & Mutations

You are very small and have problems with some larger weapons.
You are too small for most types of armour.
You have supernaturally acute eyesight. (SInv)
You cover ground extremely quickly. (Speed+++)


   Skills:
 - Level 2.0 Fighting
 - Level 6.1 Ranged Weapons
 + Level 5.1 Dodging
 - Level 1.5 Stealth


You had 4 spell levels left.
You didn't know any spells.
Your spell library was empty.

Inventory:

Hand Weapons
 a - a +0 shortbow (weapon)
Armour
 c - a +0 robe (worn)
Jewellery
 h - an amulet of regeneration (around neck)
 i - a ring of protection from fire (left hand)
Potions
 f - a potion of heal wounds
 g - a potion of enlightenment

Dungeon Overview and Level Annotations

Branches:
Dungeon (4/15)
 Temple: D:4-7

Altars:

Shops:
D:2 (

Annotations:
D:4 Pikel


Message History

2293 ||| RETREEEEATING.
The lemure attacks as it pursues you! The lemure misses you.
Enter note:
Enter note:
Enter note:
Enter note: You shoot an arrow.
The arrow hits the lemure but does no damage.
The lemure is moderately wounded.
The lemure misses you.
You shoot an arrow. The arrow hits the lemure!
The lemure is heavily wounded.
The lemure closely misses you.
You shoot an arrow. The arrow closely misses the lemure.
The lemure completely misses you.
You shoot an arrow. The arrow closely misses the lemure.
The lemure completely misses you. The lemure barely misses you.
You shoot an arrow. The arrow closely misses the lemure.
The lemure hits you. The lemure misses you.
You shoot an arrow. The arrow barely misses the lemure.
The lemure closely misses you. The lemure barely misses you.
You shoot an arrow. The arrow closely misses the lemure.
The lemure hits you. The lemure misses you.
You shoot an arrow.
The arrow hits the lemure but does no damage.
The lemure is heavily wounded.
The lemure hits you! The lemure closely misses you.
The lemure completely misses you.
You shoot an arrow. The arrow hits the lemure.
The lemure is severely wounded.
The lemure closely misses you. The lemure completely misses you.
The lemure hits you.
You shoot an arrow. The arrow hits the lemure.
The lemure is severely wounded.
The lemure closely misses you. The lemure hits you!
2304 ||| READING scroll of teleportation.
As you read the scroll of teleportation, it crumbles to dust.
You feel strangely unstable. The lemure hits you. The lemure hits you!
You die...

###############
#.............#
#.............#
#.............#
#.............#
#.5@..........#
#.5...........######
.......############......
....... #...... .......
#...... #.......# #......
...#.......# #...... .
....#.....K.# #...... .
#...#.......### #......


You could see 2 lemures.

Vanquished Creatures
  A hound (D:4)
  Jessica (D:2)
  An orc wizard (D:4)
  2 hound zombies (D:3)
  A hound skeleton (D:3)
  3 adders
  An adder skeleton (D:3)
  An adder zombie (D:3)
  A dart slug (D:3)
  11 orcs
  7 endoplasms
  A giant cockroach (D:3)
  7 goblins
  6 hobgoblins
  2 quokkas
  4 ball pythons
  6 bats
  7 frilled lizards
  A giant cockroach zombie (D:3)
  A jackal zombie (D:3)
  11 kobolds
  A quokka skeleton (D:3)
  A quokka zombie (D:3)
  6 rats
84 creatures vanquished.

Notes
Turn   | Place    | Note
-------+----------+-------------------------------------------
     0 | D:1      | qw the Spriggan Hunter began the quest for the Orb.
     0 | D:1      | Reached XP level 1. HP: 10/10 MP: 2/2
     0 | D:1      | 0 ||| qw: Version: 0.3-a-155-g5e7d8dd
     0 | D:1      | 0 ||| qw: Game counter: 944
     0 | D:1      | 0 ||| qw: Melee chars always use a shield: true
     0 | D:1      | 0 ||| qw: God list: Okawaru
     0 | D:1      | 0 ||| qw: Allow faded altars: false
     0 | D:1      | 0 ||| qw: Do Orc after clearing Dungeon:15 true
     0 | D:1      | 0 ||| qw: Do second Lair branch before Depths: true
     0 | D:1      | 0 ||| qw: Lair rune preference: random
     0 | D:1      | 0 ||| qw: Goals: Normal
     0 | D:1      | 0 ||| PLANNING D:1-11
    47 | D:1      | Reached skill level 3 in Dodging
   137 | D:1      | Reached XP level 2. HP: 14/14 MP: 3/3
   687 | D:1      | 687 ||| UPGRADING to ring of protection from fire.
   688 | D:1      | 688 ||| READING 3 scrolls labelled VOABOR IKLU.
   688 | D:1      | 688 ||| IDENTIFYING 2 grey potions
   689 | D:1      | 689 ||| READING 2 scrolls of identify.
   689 | D:1      | 689 ||| IDENTIFYING scroll labelled SUT QOSUIMUST
   690 | D:1      | 690 ||| READING scroll of identify.
   690 | D:1      | 690 ||| IDENTIFYING scroll labelled KUERAP AZUO
   691 | D:1      | 691 ||| READING scroll labelled ZUAGYGR LOTEO.
   696 | D:1      | 696 ||| DROPPING scroll of butterflies.
   697 | D:1      | 697 ||| DROPPING scroll of revelation.
   698 | D:1      | 698 ||| DROPPING scroll of fear.
   793 | D:2      | Reached XP level 3. HP: 18/18 MP: 4/4
   961 | D:2      | Found Ifydgh's Weapon Boutique.
  1112 | D:2      | Noticed Jessica
  1116 | D:2      | Killed Jessica
  1117 | D:2      | Reached skill level 5 in Ranged Weapons
  1117 | D:2      | Reached XP level 4. HP: 22/22 MP: 5/5
  1302 | D:2      | 1302 ||| UPGRADING to amulet of guardian spirit.
  1307 | D:2      | 1307 ||| UPGRADING to amulet of regeneration.
  1317 | D:2      | 1317 ||| DROPPING amulet of guardian spirit.
  1318 | D:2      | 1318 ||| READING 3 scrolls of identify.
  1318 | D:2      | 1318 ||| IDENTIFYING viscous black potion
  1319 | D:2      | 1319 ||| DROPPING potion of brilliance.
  1600 | D:3      | Reached XP level 5. HP: 26/26 MP: 6/6
  1930 | D:3      | Noticed a golden eye
  1934 | D:3      | Found a faded altar of an unknown god.
  1940 | D:3      | Noticed a glass eye
  1940 | D:3      | Noticed a golden eye
  1940 | D:3      | Noticed a shining eye
  1965 | D:3      | 1965 ||| READING 2 scrolls of identify.
  1965 | D:3      | 1965 ||| IDENTIFYING cyan potion
  1966 | D:3      | 1966 ||| READING scroll of identify.
  1966 | D:3      | 1966 ||| IDENTIFYING scroll labelled JIHYUQA HEGIM
  1967 | D:3      | 1967 ||| DROPPING scroll of amnesia.
  2068 | D:4      | Noticed an ogre
  2079 | D:4      | HP: 4/26 [ogre/+0 giant club (19)]
  2080 | D:4      | 2080 ||| READING 3 scrolls of teleportation.
  2081 | D:4      | 2081 ||| DRINKING 3 potions of heal wounds.
  2120 | D:4      | Noticed a lemure
  2120 | D:4      | Noticed a lemure
  2120 | D:4      | Noticed Pikel
  2122 | D:4      | Noticed a lemure
  2124 | D:4      | Noticed a lemure
  2125 | D:4      | 2125 ||| RETREEEEATING.
  2126 | D:4      | 2126 ||| RETREEEEATING.
  2127 | D:4      | 2127 ||| RETREEEEATING.
  2130 | D:4      | 2130 ||| RETREEEEATING.
  2132 | D:4      | 2132 ||| RETREEEEATING.
  2133 | D:4      | 2133 ||| RETREEEEATING.
  2133 | D:4      | Paralysed by Pikel for 2 turns
  2136 | D:4      | 2136 ||| RETREEEEATING.
  2137 | D:4      | 2137 ||| RETREEEEATING.
  2138 | D:4      | 2138 ||| RETREEEEATING.
  2139 | D:4      | 2139 ||| RETREEEEATING.
  2140 | D:4      | 2140 ||| RETREEEEATING.
  2141 | D:4      | 2141 ||| RETREEEEATING.
  2142 | D:4      | 2142 ||| RETREEEEATING.
  2143 | D:4      | 2143 ||| RETREEEEATING.
  2144 | D:4      | 2144 ||| RETREEEEATING.
  2145 | D:4      | 2145 ||| RETREEEEATING.
  2146 | D:4      | 2146 ||| RETREEEEATING.
  2147 | D:4      | 2147 ||| RETREEEEATING.
  2148 | D:4      | 2148 ||| RETREEEEATING.
  2150 | D:4      | 2150 ||| RETREEEEATING.
  2153 | D:4      | 2153 ||| RETREEEEATING.
  2154 | D:4      | 2154 ||| RETREEEEATING.
  2155 | D:4      | 2155 ||| RETREEEEATING.
  2156 | D:4      | 2156 ||| RETREEEEATING.
  2157 | D:4      | 2157 ||| RETREEEEATING.
  2158 | D:4      | 2158 ||| RETREEEEATING.
  2159 | D:4      | 2159 ||| RETREEEEATING.
  2161 | D:4      | 2161 ||| RETREEEEATING.
  2162 | D:4      | 2162 ||| RETREEEEATING.
  2167 | D:4      | 2167 ||| RETREEEEATING.
  2170 | D:4      | 2170 ||| RETREEEEATING.
  2171 | D:4      | 2171 ||| RETREEEEATING.
  2172 | D:4      | 2172 ||| RETREEEEATING.
  2173 | D:4      | 2173 ||| RETREEEEATING.
  2174 | D:4      | 2174 ||| RETREEEEATING.
  2175 | D:4      | 2175 ||| RETREEEEATING.
  2183 | D:4      | HP: 5/26 [orc/+1 trident of venom (4)]
  2184 | D:4      | 2184 ||| READING 2 scrolls of teleportation.
  2184 | D:4      | HP: 1/26 [poisoned by an orc]
  2185 | D:4      | 2185 ||| DRINKING 2 potions of heal wounds.
  2275 | D:4      | Reached skill level 6 in Ranged Weapons
  2293 | D:4      | 2293 ||| RETREEEEATING.
  2303 | D:4      | HP: 6/26 [lemure[Pikel] (7)]
  2304 | D:4      | 2304 ||| READING scroll of teleportation.
  2304 | D:4      | Slain by a lemure

Levels and vault maps discovered:
D:1:      dpeg_arrival_court, layout_basic, corexii_hall_statues_i
D:2:      layout_loops_ring, serial_shops, nicolae_shop_bloodbath_and_beyond,
          minmay_tripent, uniq_jessica
D:3:      minmay_recursive_quarters, layout_rooms, serial_undead,
          serial_undead_e, serial_undead_e, serial_undead_f, serial_undead_a,
          serial_undead_d, serial_undead_c, serial_undead_f,
          hellmonk_ecumenical_altar_watching_god
D:4:      layout_gridville, uniq_robin, uniq_pikel

Skill      XL: |  1  2  3  4  5 |
---------------+----------------+-----
Dodging        | 3 4 5 |  5.1
Ranged Weapons | 5 6 |  6.1
Fighting       | 2 |  2.0
Stealth        | |  1.5

Action                     |  1- 3 |  4- 6 || total
---------------------------+-------+-------++-------
   Fire: Shortbow          |    68 |   204 ||   272
    Use: Scroll            |     4 |     6 ||    10
         Potion            |       |     2 ||     2
 Armour: Robe              |     5 |    35 ||    40
  Dodge: Dodged            |     9 |   112 ||   121

Table legend:
 A = Non-vault XP
 B = Vault XP
 C = Vault XP percentage of total XP
 D = Non-vault monster count
 E = Vault monster count
 F = Vault count percentage of total count
                 A         B        C        D         E       F
            +---------+---------+-------+---------+---------+-------
      Total |     219 |     137 |  38.5 |      63 |      21 |  25.0
            +---------+---------+-------+---------+---------+-------
        D:1 |      33 |       0 |   0.0 |      22 |       0 |   0.0
        D:2 |      26 |      41 |  61.2 |       9 |       3 |  25.0
        D:3 |      52 |      96 |  64.9 |      21 |      18 |  46.2
        D:4 |     108 |       0 |   0.0 |      11 |       0 |   0.0
            +---------+---------+-------+---------+---------+-------
